 Dungeon Crawl Stone Soup version 0.24-a0-487-g57318f2ed0 (webtiles) character file.

Game seed: 15609298925108986613

18483 LemonEater the Thaumaturge (level 12, -7/68 HPs)
             Began as a Gargoyle Earth Elementalist on July 10, 2019.
             Was a Priest of Vehumet.
             Killed from afar by a wizard (45 damage)
             ... with a crystal spear
             ... on level 11 of the Dungeon.
             The game lasted 00:33:11 (13406 turns).

LemonEater the Thaumaturge (GrEE)                  Turns: 13406, Time: 00:33:12

Health: -7/68      AC: 19    Str: 12    XL:     12   Next: 59%
Magic:  13/27      EV: 13    Int: 21    God:    Vehumet [***...]
Gold:   1290       SH:  0    Dex: 10    Spells: 19/33 levels left

rFire    + . .     SeeInvis .   c - +5 whip (elec)
rCold    + . .     Gourm    .   (no shield)
rNeg     + . .     Faith    .   g - +2 robe {MR+}
rPois    ∞         Spirit   .   (no helmet)
rElec    +         Reflect  .   w - +2 cloak {MR+}
rCorr    .         Harm     .   i - +2 pair of gloves
MR       ++...                  (no boots)
Stlth    ++........             (no amulet)
HPRegen  0.21/turn              v - ring of protection from fire
MPRegen  0.20/turn              x - ring of protection from cold

@: no status effects
A: negative energy resistance 1, electricity resistance, unbreathing,
petrification resistance, rot immunity, AC +8
a: Renounce Religion


You were on level 11 of the Dungeon.
You worshipped Vehumet.
Vehumet was most pleased with you.
You were not hungry.

You visited 2 branches of the dungeon, and saw 12 of its levels.
You also visited: Bailey.

You collected 1290 gold pieces.

Inventory:

Hand Weapons
 c - a +5 whip of electrocution (weapon)
 f - a +0 flail
Missiles
 b - 108 stones (quivered)
 o - 3 throwing nets
Armour
 g - a +2 robe of magic resistance (worn)
 i - a +2 pair of gloves (worn)
 w - a +2 cloak of magic resistance (worn)
Jewellery
 j - an uncursed ring of ice
 v - a ring of protection from fire (left hand)
 x - a ring of protection from cold (right hand)
Wands
 l - a wand of random effects (6)
 p - a wand of paralysis (18)
 C - a wand of digging (3)
Scrolls
 a - 3 scrolls of teleportation
 n - 5 scrolls of identify
 q - 5 scrolls of remove curse
 s - 2 scrolls of amnesia
 u - a scroll of immolation
Potions
 e - 2 potions of brilliance
 h - 3 potions of flight
 k - a potion of cancellation
 m - 2 potions of curing
 r - 4 potions of agility
 A - 3 potions of heal wounds
 D - a potion of berserk rage
Comestibles
 d - 22 rations
 t - 2 chunks of flesh


   Skills:
 + Level 5.1 Fighting
 + Level 4.5 Maces & Flails
 + Level 5.2 Armour
 + Level 4.3 Dodging
 - Level 2.1 Stealth
 + Level 11.4 Spellcasting
 + Level 9.2 Conjurations
   Level 0.7 Transmutations
 + Level 10.8 Earth Magic
 + Level 3.6 Evocations


You had 19 spell levels left.
You knew the following spells:

 Your Spells              Type           Power        Failure   Level  Hunger
a - Sandblast             Erth           ######       1%          1    None
b - Stone Arrow           Conj/Erth      ######       1%          3    None
c - Lee's Rapid Deconstr  Erth           ######....   1%          5    ####...
d - Venom Bolt            Conj/Pois      ####......   7%          5    ####...

Your spell library contained the following spells:

 Spells                   Type           Power        Failure   Level  Hunger
 Inner Flame              Hex/Fire       ##......     4%          3    None
 Shock                    Conj/Air       ####         1%          1    None
 Sting                    Conj/Pois      ####         1%          1    None
 Passwall                 Tmut/Erth      #####...     1%          2    None
 Mephitic Cloud           Conj/Pois/Air  ###.....     1%          3    None
 Static Discharge         Conj/Air       ####....     1%          3    None
 Beastly Appendage        Tmut           ###...       4%          1    None
 Animate Skeleton         Necr           N/A          5%          1    None
 Pain                     Necr           ##..         5%          1    None
 Petrify                  Tmut/Erth      #####...     5%          4    #......
 Sticks to Snakes         Tmut           ###.....     6%          2    None
 Lightning Bolt           Conj/Air       ####......   7%          5    ####...
 Poisonous Vapours        Pois/Air       ##....       9%          2    None
 Swiftness                Chrm/Air       ##......     9%          2    None
 Spider Form              Tmut/Pois      ##........   14%         3    None
 Airstrike                Air            ##........   16%         4    #......
 Olgreb's Toxic Radiance  Pois           ##......     16%         4    #......
 Regeneration             Chrm/Necr      ##........   17%         3    None
 Vampiric Draining        Necr           ##........   17%         3    None
 Ice Form                 Ice/Tmut       ##......     43%         4    #......
 Animate Dead             Necr           N/A          50%         4    #......
 Blade Hands              Tmut           ###.......   75%         5    ####...
 Ignition                 Fire           ##........   100%        8    #######
 Shatter                  Erth           ######....   100%        9    #######
 Tornado                  Air            ##........   100%        9    #######


Dungeon Overview and Level Annotations

Branches:
Dungeon (11/15)            Temple (1/1) D:7            Lair (0/6) D:10
    Orc (0/2) D:10

Altars:
Cheibriados
Dithmenos
Elyvilon
Fedhas
Gozag
Hepliaklqana
Kikubaaqudgha
Makhleb
Nemelex Xobeh
Okawaru
Qazlal
Ru
Sif Muna
Trog
Vehumet
Wu Jian
Xom
Yredelemnul
Zin
The Shining One

Shops:
D:7 :   D:9 %


Innate Abilities, Weirdness & Mutations

You are resistant to torment.
Your stone body is resilient. (AC +8)
You are immune to poison.
You resist negative energy. (rN+)
You are resistant to electric shocks. (rElec)
You can survive without breathing.
You are immune to petrification.
You are immune to rotting.


Message History

The stone arrow misses the wizard.
The wizard hits you with a +0 long sword.
Casting: Stone Arrow (safe; 1% risk of failure)
Confirm with . or Enter, or press ? or * to list all spells.
Aiming: Stone Arrow (safe; 1% risk of failure)
Press: ? - help, Shift-Dir - straight line, f/p - wizard
Aim: a wizard, wielding a +0 long sword, wearing a +0 leather armour, wearing a +0 shield and wearing a cursed ring of attention (heavily wounded, fast)
The stone arrow hits the wizard!
The wizard is almost dead.
The wizard hits you but does no damage.
Casting: Stone Arrow (safe; 1% risk of failure)
Confirm with . or Enter, or press ? or * to list all spells.
Aiming: Stone Arrow (safe; 1% risk of failure)
Press: ? - help, Shift-Dir - straight line, f/p - wizard
Aim: a wizard, wielding a +0 long sword, wearing a +0 leather armour, wearing a +0 shield and wearing a cursed ring of attention (almost dead, fast)
The wizard blocks the stone arrow.
The wizard gestures at you while chanting.
The crystal spear hits you!!!
Ouch! That really hurt!
You die...

..... ...#
.....#####...#
.............#
............. #
#............ #.
#...[......# #.
#.......p..#
##.######....###@..#
.............#(#...#
.............###...#
...(<).[...........#
..#####............#
#............##
#.............#
#....(........#
#.............#


You could see a wizard and a +5 long sword.

Vanquished Creatures
  Harold (D:9)
  Erica (D:9)
  A two-headed ogre (D:9)
  A deep elf knight (D:11)
  Sonja (D:10)
  A wizard (D:11)
  Pikel (D:6)
  Joseph (D:11)
  Maurice (D:9)
  A troll (D:10)
  A hornet (D:8)
  Sigmund (D:5)
  A wyvern (D:9)
  4 yaks (D:10)
  Eustachio (D:5)
  A water moccasin (D:9)
  A slave (D:6)
  Duvessa (D:5)
  6 orc warriors
  A hornet zombie (D:10)
  2 ice beasts (D:8)
  A necrophage (D:5)
  7 ogres
  2 phantoms
  5 sky beasts
  A black bear (D:10)
  4 wolves (D:10)
  4 centaurs
  A big kobold (D:9)
  7 bullfrogs
  A wyvern zombie (D:8)
  Dowan (D:5)
  2 scorpions
  12 killer bees
  3 howler monkeys (D:9)
  5 wights (D:10)
  2 electric eels (D:10)
  2 crimson imps
  A centaur zombie (D:5)
  A quasit (D:10)
  5 jellies
  Crazy Yiuf (D:5)
  3 bullfrog skeletons
  2 orc priests
  A centaur skeleton (D:7)
  5 hounds
  4 worker ants
  An iguana (D:10)
  8 orc wizards
  2 hound skeletons
  A worker ant zombie (D:5)
  7 gnolls
  A howler monkey skeleton (D:4)
  14 adders
  2 shadow imps
  2 oozes
  2 adder skeletons
  3 worms
  5 dart slugs
  4 leopard geckos
  36 orcs
  2 ball pythons (D:3)
  12 bats
  4 giant cockroaches
  15 goblins
  4 hobgoblins
  16 jackals
  2 quokkas
  6 frilled lizards
  27 kobolds
  11 rats
300 creatures vanquished.

Vanquished Creatures (others)
  A goblin (D:7)
1 creature vanquished.

Grand Total: 301 creatures vanquished

Notes
Turn   | Place    | Note
-------+----------+-------------------------------------------
     0 | D:1      | LemonEater the Gargoyle Earth Elementalist began the quest
                  | for the Orb.
     0 | D:1      | Reached XP level 1. HP: 10/10 MP: 3/3
   258 | D:1      | Reached XP level 2. HP: 15/15 MP: 3/5
   604 | D:1      | Reached XP level 3. HP: 12/19 MP: 6/6
   609 | D:1      | Learned a level 3 spell: Stone Arrow
  1442 | D:2      | Reached skill level 1 in Conjurations
  1505 | D:2      | Found a snail-covered altar of Cheibriados.
  1545 | D:2      | Reached XP level 4. HP: 22/24 MP: 8/8
  1573 | D:2      | Found a shadowy altar of Dithmenos.
  1583 | D:2      | Reached skill level 3 in Spellcasting
  2302 | D:2      | Reached skill level 5 in Earth Magic
  2790 | D:3      | Reached XP level 5. HP: 28/28 MP: 0/10
  2884 | D:2      | Learned a level 5 spell: Lee's Rapid Deconstruction
  3478 | D:3      | Reached XP level 6. HP: 29/32 MP: 4/11
  4153 | D:4      | Reached skill level 4 in Spellcasting
  4321 | D:4      | Reached XP level 7. HP: 28/36 MP: 13/13
  4572 | D:4      | Found a burning altar of Makhleb.
  4599 | D:4      | Found a glowing silver altar of Zin.
  4629 | D:4      | Found a basalt altar of Yredelemnul.
  4725 | D:5      | Entered Level 5 of the Dungeon
  5047 | D:5      | Reached skill level 5 in Spellcasting
  5106 | D:5      | Noticed Duvessa
  5107 | D:5      | Noticed Dowan
  5110 | D:5      | Killed Duvessa
  5110 | D:5      | Reached skill level 5 in Conjurations
  5110 | D:5      | Reached XP level 8. HP: 41/41 MP: 7/15
  5115 | D:5      | Killed Dowan
  5258 | D:5      | Noticed Eustachio
  5263 | D:5      | Killed Eustachio
  5636 | D:5      | Noticed Sigmund
  5645 | D:5      | Killed Sigmund
  5679 | D:5      | Found a runed translucent door.
  5680 | D:5      | Noticed Crazy Yiuf
  5685 | D:5      | Killed Crazy Yiuf
  5814 | D:6      | Reached skill level 6 in Spellcasting
  5899 | D:6      | You fall into a shaft and drop 2 floors!
  6055 | D:7      | Found a hazy altar of Hepliaklqana.
  6135 | D:7      | Reached XP level 9. HP: 45/45 MP: 13/18
  6180 | D:7      | Found a flagged portal.
  6192 | Bailey   | Entered a bailey
  6404 | Bailey   | Identified the +11 hand crossbow of Untruth {elec, +Inv rC+
                  | Int+4}
  6932 | Bailey   | Found an iron altar of Okawaru.
  7270 | D:6      | Found a shimmering altar of Xom.
  7270 | D:6      | Found a white marble altar of Elyvilon.
  7270 | D:6      | Found a glowing golden altar of the Shining One.
  7567 | D:6      | Noticed Pikel
  7579 | D:6      | Killed Pikel
  7579 | D:6      | Reached skill level 1 in Fighting
  7579 | D:6      | Reached skill level 1 in Maces & Flails
  7579 | D:6      | Reached skill level 1 in Armour
  7579 | D:6      | Reached skill level 7 in Spellcasting
  8091 | D:7      | Found a blossoming altar of Fedhas.
  8145 | D:7      | Found a faded altar of an unknown god.
  8147 | D:7      | Found a staircase to the Ecumenical Temple.
  8160 | Temple   | Entered the Ecumenical Temple
  8185 | Temple   | Became a worshipper of Vehumet
  8571 | D:7      | Found Piolawn's Book Boutique.
  8572 | D:7      | Reached XP level 10. HP: 53/53 MP: 18/20
  9107 | D:8      | Noticed a moth of wrath
  9109 | D:8      | Found a bloodstained altar of Trog.
  9871 | D:8      | Reached skill level 1 in Evocations
 10270 | D:9      | Reached * piety under Vehumet
 10270 | D:9      | Offered knowledge of Shock by Vehumet.
 10500 | D:9      | Reached skill level 10 in Earth Magic
 10513 | D:9      | Noticed Erica
 10517 | D:9      | Killed Erica
 10548 | D:9      | Found Onnos's Food Emporium.
 10759 | D:9      | Noticed a two-headed ogre
 10761 | D:9      | Noticed Maurice
 10765 | D:9      | Killed a two-headed ogre
 10773 | D:9      | Killed Maurice
 11022 | D:9      | Found a sacrificial altar of Ru.
 11108 | D:9      | Reached skill level 11 in Spellcasting
 11108 | D:9      | Reached XP level 11. HP: 60/60 MP: 21/26
 11225 | D:9      | Learned a level 5 spell: Venom Bolt
 11229 | D:9      | You fall into a shaft and drop 1 floor!
 11229 | D:10     | Entered Level 10 of the Dungeon
 11304 | D:9      | Noticed Harold
 11480 | D:9      | Killed Harold
 11480 | D:9      | Reached XP level 12. HP: 66/66 MP: 11/27
 11856 | D:10     | Offered knowledge of Magic Dart by Vehumet.
 11857 | D:10     | Reached ** piety under Vehumet
 11958 | D:10     | Noticed Sonja
 11973 | D:10     | Killed Sonja
 12101 | D:10     | Found a staircase to the Orcish Mines.
 12501 | D:10     | Found a staircase to the Lair.
 12561 | D:10     | Offered knowledge of Inner Flame by Vehumet.
 12741 | D:10     | Reached *** piety under Vehumet
 13034 | D:11     | Noticed Joseph
 13040 | D:11     | Reached skill level 5 in Armour
 13326 | D:11     | Noticed a deep elf knight
 13332 | D:11     | Killed Joseph
 13332 | D:11     | Reached skill level 5 in Fighting
 13336 | D:11     | Killed a deep elf knight
 13406 | D:11     | Killed from afar by a wizard

Levels and vault maps discovered:
D:1:      dpeg_arrival_erosion, layout_basic
D:2:      layout_basic, cheibriados_altar_1, first_ration,
          nicolae_dithmenos_shadow_blocks
D:3:      layout_basic
D:4:      layout_basic, makhleb_grotto_becter, zin_treasury,
          kennysheep_little_box
D:5:      layout_loops_ring, uniq_eustachio, uniq_duvessa,
          uniq_crazy_yiuf_cottage, uniq_sigmund
D:6:      layout_loops_ring, gammafunk_temple_overflow_claw,
          corexii_hall_statues_x, small_statue_intersection, uniq_pikel
D:7:      layout_loops_cross, fedhas_bush_and_centaur_altar,
          nicolae_temple_entry_ecumenical, enter_bailey_3, serial_shops,
          nicolae_shop_statue_plus, david_defended_altar_elf
D:8:      layout_loops_corners, tgw_trog
D:9:      layout_loops_ring, lemuel_round_altar, serial_shops, shop, uniq_erica,
          uniq_harold, uniq_maurice
D:10:     layout_basic, erik_lair_island, grunt_ogre_cave, uniq_sonja
D:11:     layout_irregular_city, basic_altar, serial_bayou_lagoon_a,
          sword_in_stone, uniq_psyche
Temple:   chequers_temple_sunken

Skill      XL: |  1  2  3  4  5  6  7  8  9 10 11 12 |
---------------+-------------------------------------+-----
Earth Magic    | 4 5 6 7 8 9 10 | 10.8
Conjurations   | 1 2 3 5 6 7 8 9 |  9.2
Spellcasting   | 3 4 5 6 7 11 | 11.4
Fighting       | 2 3 4 5 |  5.1
Maces & Flails | 2 3 4 |  4.5
Armour         | 2 4 5 |  5.2
Dodging        | 2 3 4 |  4.3
Evocations     | 2 3 |  3.6
Stealth        | |  2.1
Transmutations | |  0.7

Action                   |  1- 3 |  4- 6 |  7- 9 | 10-12 || total
-------------------------+-------+-------+-------+-------++-------
Melee: Unarmed           |     7 |       |       |       ||     7
       Club              |    12 |       |       |       ||    12
       Dagger            |    98 |   148 |   184 |   118 ||   548
       Whip              |       |       |       |   134 ||   134
 Cast: Sandblast         |    15 |    52 |    81 |    86 ||   234
       Stone Arrow       |       |     5 |    16 |    13 ||    34
       Lee's Rapid Decon |       |       |     8 |    27 ||    35
Evoke: Wand              |       |       |       |    17 ||    17
  Use: Scroll            |       |     9 |     7 |    11 ||    27
       Potion            |       |       |     6 |     1 ||     7
 Stab: Sleeping          |     3 |     5 |     4 |       ||    12
  Eat: Chunk             |     2 |     9 |    10 |    18 ||    39
       Ration            |       |       |     2 |     1 ||     3
Armor: Robe              |    38 |    47 |   111 |   166 ||   362
Dodge: Dodged            |    64 |    77 |   176 |   190 ||   507

Table legend:
 A = Non-vault XP
 B = Vault XP
 C = Vault XP percentage of total XP
 D = Non-vault monster count
 E = Vault monster count
 F = Vault count percentage of total count
                 A         B        C        D         E       F
            +---------+---------+-------+---------+---------+-------
      Total |    9313 |    8186 |  46.8 |     251 |      48 |  16.1
            +---------+---------+-------+---------+---------+-------
        D:1 |      60 |       0 |   0.0 |      32 |       0 |   0.0
        D:2 |     102 |       0 |   0.0 |      28 |       0 |   0.0
        D:3 |     201 |       0 |   0.0 |      31 |       0 |   0.0
        D:4 |     306 |      11 |   3.5 |      13 |       1 |   7.1
        D:5 |     695 |     684 |  49.6 |      17 |       5 |  22.7
        D:6 |     272 |     607 |  69.1 |      12 |       1 |   7.7
        D:7 |    1039 |     118 |  10.2 |      23 |       4 |  14.8
        D:8 |     809 |       9 |   1.1 |       8 |       5 |  38.5
        D:9 |    2984 |    2434 |  44.9 |      46 |       3 |   6.1
       D:10 |    2845 |    1844 |  39.3 |      41 |      10 |  19.6
       D:11 |       0 |    1910 | 100.0 |       0 |       3 | 100.0
     Bailey |       0 |     569 | 100.0 |       0 |      16 | 100.0
            +---------+---------+-------+---------+---------+-------
